 Dungeon Crawl Stone Soup version 0.20.0-15-g7f486f2 (webtiles) character file.

3355 Naow the Thaumaturge (level 9, -3/39 HPs)
             Began as a Spriggan Earth Elementalist on June 10, 2017.
             Slain by a two-headed ogre
             ... wielding a +0 dire flail
              (17 damage)
             ... on level 8 of the Dungeon.
             The game lasted 00:10:03 (7855 turns).

Naow the Thaumaturge (Spriggan Earth Elementalist)  Turns: 7855, Time: 00:10:04

Health: -3/39      AC:  3    Str:  4    XL:     9   Next: 73%
Magic:  30/34      EV: 18    Int: 19    God:
Gold:   425        SH:  0    Dex: 17    Spells: 16/31 levels left

rFire    . . .     SeeInvis +   i - -2 dagger
rCold    . . .     Gourm    .   (shield restricted)
rNeg     . . .     Faith    .   c - +0 robe
rPois    .         Spirit   .   (helmet restricted)
rElec    .         Reflect  .   j - +0 cloak
rCorr    .         Harm     .   (gloves unavailable)
MR       +....                  (boots unavailable)
Stlth    ++........             (no amulet)
Regen    0.2/turn               y - ring of magical power
MPRegen  0.3/turn               q - ring of wizardry

@: very quick
A: unfitting armour, see invisible, herbivore 3, speed 3, slow metabolism 2
a: no special abilities


You were on level 8 of the Dungeon.
You were very hungry.

You visited 2 branches of the dungeon, and saw 9 of its levels.

You collected 425 gold pieces.

Inventory:

Hand Weapons
 i - a -2 dagger (weapon)
Missiles
 b - 101 stones (quivered)
Armour
 c - a +0 robe (worn)
 j - a +0 cloak (worn)
Jewellery
 q - a ring of wizardry (right hand)
 w - an uncursed ring of fire
 y - a ring of magical power (left hand)
 A - an uncursed ring of flight
Wands
 x - a wand of random effects (21/48)
 z - a wand of flame (17/48)
Scrolls
 a - 3 scrolls of magic mapping
 f - 2 scrolls of identify
 h - a scroll of fear {unknown}
 k - 5 scrolls of remove curse
 l - a scroll of fog {unknown}
 n - 4 scrolls of teleportation {unknown}
 o - 3 scrolls of amnesia {unknown}
 u - 2 scrolls of enchant armour {unknown}
 B - a scroll of random uselessness {unknown}
 E - a scroll of summoning {unknown}
 F - a scroll of torment {unknown}
Potions
 g - 5 potions of curing
 m - 5 potions of heal wounds
 p - a potion of degeneration
 r - a potion of haste {unknown}
 v - 2 potions of brilliance {unknown}
 C - a potion of flight {unknown}
 D - 2 potions of might {unknown}
Books
 e - a book of Geomancy

   Spells                             Type                      Level
   a - Sandblast                      Earth                        1
   b - Passwall                       Transmutation/Earth          2
   c - Stone Arrow                    Conjuration/Earth            3
   d - Petrify                        Transmutation/Earth          4
   e - Lee's Rapid Deconstruction     Earth                        5
Comestibles
 d - 3 bread rations
 s - 12 fruits
 t - a royal jelly


   Skills:
 - Level 3.0 Dodging
 - Level 3.0 Stealth
 + Level 11.6 Spellcasting
 * Level 8.9 Transmutations
 + Level 7.2 Earth Magic


You had 16 spell levels left.
You knew the following spells:

 Your Spells              Type           Power        Failure   Level  Hunger
a - Sandblast             Erth           #####.       1%          1    None
b - Stone Arrow           Conj/Erth      ###...       1%          3    None
c - Passwall              Tmut/Erth      #####.....   1%          2    None
d - Petrify               Tmut/Erth      #####...     1%          4    ##.....
e - Lee's Rapid Deconstr  Erth           #####.....   3%          5    ####...


Dungeon Overview and Level Annotations

Branches:
Dungeon (8/15)             Temple (1/1) D:5
   Lair: D:8-11

Altars:
Ashenzari
Cheibriados
Dithmenos
Elyvilon
Fedhas
Gozag
Hepliaklqana
Kikubaaqudgha
Makhleb
Ru
Sif Muna
Yredelemnul
Zin
The Shining One

Shops:
D:7 (

Annotations:
D:6 exclusion: oklob plant


Innate Abilities, Weirdness & Mutations

You are very small and have problems with some larger weapons.
You are too small for most types of armour.
You have supernaturally acute eyesight. (SInv)
You are a herbivore.
You cover ground extremely quickly.
You need consume almost no food.


Message History

Confirm with . or Enter, or press ? or * to list all spells.
Aiming: Sandblast
Press: ? - help, Shift-Dir - straight line, f/p - two-headed ogre
Aim: a two-headed ogre, wielding a dire flail and a great mace (moderately wounded)
The blast of sand hits the two-headed ogre.
The two-headed ogre is heavily wounded.
b - 102 stones
Found 19 stones.
Casting: Sandblast
Confirm with . or Enter, or press ? or * to list all spells.
Aiming: Sandblast
Press: ? - help, Shift-Dir - straight line, f/p - two-headed ogre
Aim: a two-headed ogre, wielding a dire flail and a great mace (heavily wounded)
The blast of sand hits the two-headed ogre.
The two-headed ogre is almost dead.
b - 101 stones The two-headed ogre hits you with a dire flail!!
Ouch! That really hurt!
The two-headed ogre hits you with a great mace!
You die...

#.# ##.# #.# .#
#..! (.# ..#
#!.# #.. ...#
##†.# #.#
..##.).# #.#
......###.###
#.#.....@..#
#...%..O.#.#
###.###### #
#†#### #....#
## #..O.# ..
##...# .#
#######.####..#
..........<...#


You could see a two-headed ogre.

Vanquished Creatures
  A two-headed ogre (D:7)
  The ghost of Naow the Thaumaturge, a novice DEEE of Vehumet (D:8)
  Psyche (D:8)
  Menkaure (D:4)
  3 ice beasts
  2 ogres
  A centaur (D:7)
  A crocodile (D:7)
  2 bullfrogs
  A scorpion (D:6)
  4 wights (D:6)
  2 crimson imps
  A quasit (D:6)
  A hound (D:8)
  Crazy Yiuf (D:7)
  2 jellies
  2 gnoll shamans
  2 iguanas (D:7)
  6 worker ants
  2 orc wizards
  A howler monkey zombie (D:3)
  6 adders
  12 gnolls
  A shadow imp (D:6)
  2 oozes
  An adder zombie (D:7)
  A worm (D:3)
  2 dart slugs (D:1)
  2 leopard geckos (D:6)
  9 orcs
  11 bats
  3 giant cockroaches
  3 goblins
  5 hobgoblins
  9 kobolds
  3 quokkas
  A ball python skeleton (D:4)
  5 frilled lizards
  A jackal skeleton (D:6)
  A quokka zombie (D:5)
  6 rats
122 creatures vanquished.

Notes
Turn   | Place    | Note
-------+----------+-------------------------------------------
     0 | D:1      | Naow the Spriggan Earth Elementalist began the quest for the Orb.
     0 | D:1      | Reached XP level 1. HP: 9/9 MP: 5/5
    65 | D:1      | Reached skill level 3 in Spellcasting
   211 | D:1      | Reached XP level 2. HP: 13/13 MP: 5/7
   812 | D:1      | Reached XP level 3. HP: 16/16 MP: 5/9
   902 | D:1      | Reached skill level 4 in Spellcasting
  1144 | D:2      | Found a sacrificial altar of Ru.
  1534 | D:2      | Reached XP level 4. HP: 17/21 MP: 2/11
  1649 | D:2      | Reached skill level 5 in Spellcasting
  1717 | D:2      | Found a deep blue altar of Sif Muna.
  3114 | D:4      | Noticed Menkaure
  3120 | D:4      | Killed Menkaure
  3120 | D:4      | Reached skill level 6 in Spellcasting
  3120 | D:4      | Reached XP level 5. HP: 24/24 MP: 11/15
  3315 | D:4      | Reached XP level 6. HP: 23/28 MP: 9/16
  3479 | D:4      | Learned a level 3 spell: Stone Arrow
  3482 | D:4      | Learned a level 2 spell: Passwall
  3487 | D:4      | Learned a level 4 spell: Petrify
  3493 | D:4      | Learned a level 5 spell: Lee's Rapid Deconstruction
  3513 | D:4      | Reached skill level 7 in Spellcasting
  3923 | D:5      | Entered Level 5 of the Dungeon
  3972 | D:5      | Noticed an ice beast
  3982 | D:5      | Killed an ice beast
  4254 | D:5      | Found a staircase to the Ecumenical Temple.
  4298 | Temple   | Entered the Ecumenical Temple
  4559 | D:5      | Reached XP level 7. HP: 32/32 MP: 16/19
  4582 | D:5      | Reached skill level 8 in Spellcasting
  5428 | D:6      | Reached skill level 9 in Spellcasting
  5428 | D:6      | Reached skill level 5 in Earth Magic
  5641 | D:6      | Reached XP level 8. HP: 27/36 MP: 20/22
  5867 | D:6      | Reached skill level 10 in Spellcasting
  6079 | D:6      | Found a blossoming altar of Fedhas.
  6108 | D:6      | Noticed an oklob plant
  6526 | D:7      | Noticed a two-headed ogre
  6571 | D:7      | Killed a two-headed ogre
  6571 | D:7      | Reached skill level 5 in Transmutations
  6571 | D:7      | Reached XP level 9. HP: 10/39 MP: 17/24
  6960 | D:7      | Found a shadowy altar of Dithmenos.
  7030 | D:7      | Found Xiumnely's Antique Weapon Emporium.
  7311 | D:7      | Reached skill level 11 in Spellcasting
  7451 | D:7      | Found a runed door.
  7455 | D:7      | Noticed Crazy Yiuf
  7465 | D:7      | Killed Crazy Yiuf
  7672 | D:8      | Noticed Psyche
  7731 | D:8      | Noticed Naow's ghost (novice DEEE)
  7737 | D:8      | Killed Psyche
  7740 | D:8      | Killed Naow's ghost
  7764 | D:8      | Noticed a two-headed ogre
  7855 | D:8      | Slain by a two-headed ogre

Skill      XL: |  1  2  3  4  5  6  7  8  9 |
---------------+----------------------------+-----
Spellcasting   | 3 4 6 7 9 10 11 | 11.6
Earth Magic    | 3 4 5 6 7 |  7.2
Transmutations | 5 8 |  8.9
Dodging        | |  3.0
Stealth        | |  3.0

Action                   |  1- 3 |  4- 6 |  7- 9 || total
-------------------------+-------+-------+-------++-------
Melee: Unarmed           |     5 |       |       ||     5
       Dagger            |     4 |    14 |     6 ||    24
 Cast: Sandblast         |    56 |    77 |    91 ||   224
       Stone Arrow       |       |       |    29 ||    29
       Petrify           |       |       |     5 ||     5
       Passwall          |       |       |     1 ||     1
       Lee's Rapid Decon |       |       |     9 ||     9
  Use: Scroll            |       |       |     6 ||     6
 Stab: Sleeping          |     1 |       |       ||     1
  Eat: Fruit             |       |       |     2 ||     2
       Royal jelly       |       |       |     1 ||     1
Armor: Robe              |     3 |     5 |     6 ||    14
Dodge: Dodged            |    22 |    42 |    30 ||    94
